 Dungeon Crawl Stone Soup version 0.30-b1-2-g02819fbbbe (webtiles) character file.

Game seed: 10234099597214240728

8 Alarkh the Grasshopper (level 2, 22/22 HPs)
             Began as a Demonspawn Warper on May 25, 2023.
             Got out of the dungeon alive.
             The game lasted 00:00:20 (222 turns).

Alarkh the Grasshopper (Demonspawn Warper)           Turns: 222, Time: 00:00:20

Health: 22/22      AC:  3    Str: 11    XL:     2   Next: 0%
Magic:  5/5        EV: 11    Int: 16    God:
Gold:   0          SH:  0    Dex: 12    Spells: 5/5 levels left

rFire   . .          .
                       - Unarmed
rCold   . . .        (no shield)
rNeg    . . .        a - +0 leather armour
rPois   .            (no helmet)
rElec   .            (no cloak)
rCorr   .            (no gloves)
SInv    .            (no boots)
Will    .....        (no amulet)
Stlth   +            (no ring)
HPRegen 0.23/turn    (no ring)
MPRegen 0.09/turn

%: no passive effects
@: no status effects
A: big brain 1
a: no special abilities


You escaped.
You visited 1 branch of the dungeon, and saw 1 of its levels.

Inventory:

Missiles
 c - 7 boomerangs of dispersal (quivered)
Armour
 a - a +0 leather armour (worn)
Scrolls
 b - a scroll of blinking
 d - a scroll of teleportation {unknown}
 e - a scroll of magic mapping {unknown}
Potions
 f - a potion of berserk rage {unknown}
 g - a potion of curing {unknown}


   Skills:
 - Level 2.0 Fighting
 - Level 0.8 Throwing
 - Level 0.8 Armour
 - Level 1.7 Dodging
 + Level 2.5 Unarmed Combat
 - Level 2.0 Spellcasting
 - Level 2.6 Translocations


You had 5 spell levels left.
You didn't know any spells.
Your spell library contained the following spells:

 Spells                   Type           Power      Damage    Failure   Level
 Blink                    Tloc           20%        N/A       14%         2
 Lesser Beckoning         Tloc           20%        N/A       14%         2
 Teleport Other           Tloc           10%        N/A       26%         3
 Vhi's Electric Charge    Tloc/Air       10%        N/A       43%         3
 Manifold Assault         Tloc           10%        N/A       65%         4


Dungeon Overview and Level Annotations

Branches:
Dungeon (1/15)

Altars:


Innate Abilities, Weirdness & Mutations

You have an unusually large brain. (Int +2)


Message History

You hit the giant cockroach but do no damage.
The giant cockroach bites you.
You barely miss the giant cockroach. The giant cockroach closely misses you.
You hit the giant cockroach.
The giant cockroach is severely wounded.
The giant cockroach bites you but does no damage.
You barely miss the giant cockroach.
The giant cockroach is severely wounded.
The giant cockroach bites you but does no damage.
You hit the giant cockroach but do no damage.
The giant cockroach is severely wounded.
The giant cockroach barely misses you.
You hit the giant cockroach.
You kill the giant cockroach!
No target in view!
No target in view!
No target in view!
No target in view!
There is a stone staircase leading down here.
Found a leather armour.
Found a stone staircase leading down.
g - a grey potion A frilled lizard comes into view.
The frilled lizard hisses angrily.
A frilled lizard is nearby!
A frilled lizard is nearby!
You hit the frilled lizard.
The frilled lizard is heavily wounded.
The frilled lizard bites you.
You hit the frilled lizard.
You kill the frilled lizard!
You have reached level 2!
Your demonic ancestry asserts itself...
Your brain expands.
Unknown command.
There is a stone staircase leading down here.
You see here a bat corpse.
There is a staircase leading out of the dungeon here.
Are you sure you want to leave the Dungeon?
This will make you lose the game!
You have escaped!

#.# #..†....#
#.###.#†..#.#
##...###.##.# # #####
#.##.# .#
#.##.#######.####
..##.............
####.###.........
#.###.........
##.#...@.......
#.###....#....8....
#..)...........♣...
#.###...##.........
##...##.........
#..#.##.........
#[...###.......# ####
#.#...........##
..>..##†###....#...##


There were no monsters in sight!

Vanquished Creatures
  A giant cockroach (D:1)
  2 hobgoblins (D:1)
  A bat (D:1)
  2 frilled lizards (D:1)
  A goblin (D:1)
  2 rats (D:1)
9 creatures vanquished.

Notes
Turn   | Place    | Note
-------+----------+-------------------------------------------
     0 | D:1      | Alarkh the Demonspawn Warper began the quest for the Orb.
     0 | D:1      | Reached XP level 1. HP: 16/16 MP: 3/3
   177 | D:1      | Gained mutation: You have an unusually large brain. (Int
                  | +2) [demonic ancestry]
   177 | D:1      | Reached XP level 2. HP: 20/22 MP: 5/5
   222 | D:$      | Got out of the dungeon alive.

Illustrated notes

Levels and vault maps discovered:
D:1:      wander_arrival_lonely_grave, layout_loops_ring, minmay_liquid_box

Skill      XL: |  1 |
---------------+----+-----
Unarmed Combat | 2 |  2.5
Fighting       | |  2.0
Throwing       | |  0.8
Armour         | |  0.8
Dodging        | |  1.7
Spellcasting   | |  2.0
Translocations | |  2.6

Action                     || total
---------------------------++-------
  Melee: Unarmed           ||    42
 Armour: Leather armour    ||    18
  Dodge: Dodged            ||    26
